[Event "Early-Titled-Tuesday-Blitz-February-27-2024"]
[Site "Chess.com"]
[Date "2024.02.27"]
[Round "11"]
[White "koncheto"]
[Black "regenda"]
[Result "1-0"]
[WhiteElo "2454"]
[BlackElo "2257"]
[TimeControl "180+1"]
[EndTime "10:06:25 PST"]
[Termination "koncheto won by checkmate"]

1. e4 c5 2. Nf3 e6 3. d4 cxd4 4. Nxd4 Nc6 5. Nc3 Qc7 6. f4 a6 7. Nxc6 Qxc6 8. Bd3 b5 9. Qe2 Bb7 10. Bd2 Nf6 11. O-O-O b4 12. Nd5 Nxd5 13. exd5 Qxd5 14. Kb1 Qxg2 15. Qe3 Rc8 16. Rhg1 Qxh2 17. Qb6 Bf3 18. Bxa6 Bxd1 19. Rxd1 Rd8 20. Bxb4 Qxf4 21. Rd4 Qb8 22.
Qxb8 Rxb8 23. Bc3 h5 24. Bf1 h4 25. Bh3 f5 26. a4 g5 27. a5 g4 28. Bg2 h3 29.
Bh1 g3 30. Rd2 g2 31. Bxg2 hxg2 32. Rxg2 Bb4 33. Bxh8 Bxa5 34. Rg8+ Ke7 35. Rxb8 Bc7 36. Rb7 Kd6 37. Be5+ Kxe5 38. Rxc7 d5 39. b4 f4 40. b5 f3 41. b6 Kd6 42. Rf7 e5 43. b7 e4 44.
b8=Q+ Ke6 45. Qe8+ Kd6 46. Qe7+ Kc6 47. Qc7+ Kb5 48.
Rf8 f2 49. Rb8+ Ka6 50. Qb7+ Ka5 51. Qa7# 1-0

[Event "Early-Titled-Tuesday-Blitz-February-27-2024"]
[Site "Chess.com"]
[Date "2024.02.27"]
[Round "11"]
[White "Brahianzevich"]
[Black "sorch29"]
[Result "0-1"]
[WhiteElo "2487"]
[BlackElo "2415"]
[TimeControl "180+1"]
[EndTime "10:06:26 PST"]
[Termination "sorch29 won by resignation"]

1. e4 c5 2. Nf3 Nc6 3. d4 cxd4 4. Nxd4 Nf6 5. Nc3 e5 6. Ndb5 d6 7. Bg5 a6 8. Na3 b5 9. Nd5 Be7 10. Bxf6 Bxf6 11. c4 b4 12. Nc2 a5 13. Qf3 Bg5 14.
Rd1 O-O 15. h4 Bh6 16. g4 Bf4 17. Nxf4 exf4 18. Qxf4 Ne5 19. Be2 Qe7 20. Ne3 Be6 21. h5 b3 22. c5 bxa2 23. cxd6 Qxd6 24. O-O Qc5 25. Rd5 Bxd5 26. Qxe5 Rfe8 27. Qxd5 Qxd5 28. Nxd5 Rxe4 29. Nc3 Re5 30. Bc4 Rb8 31. Bxa2 Rxb2 32. Rd1 Kf8 33. Bd5 Rc2 34. Ne4 Rc7 35. f4 Re8 36. Ng5 h6 37. Nf3 Rd8 38. Ne5 Rc5 39. Bf3 Rxd1+ 40. Bxd1 Rd5 41. Bb3 Rd4 42. Bxf7 Rxf4 43.
Ng6+ Kxf7 44. Nxf4 a4 45. Nd3 a3 46. Kf2 a2 47.
Nb4 a1=Q 0-1

[Event "Early-Titled-Tuesday-Blitz-February-27-2024"]
[Site "Chess.com"]
[Date "2024.02.27"]
[Round "11"]
[White "laziestwin"]
[Black "Aygehovit1992"]
[Result "1/2-1/2"]
[WhiteElo "2590"]
[BlackElo "2694"]
[TimeControl "180+1"]
[EndTime "10:06:27 PST"]
[Termination "Game drawn - insufficient material"]

1. d4 Nf6 2. c4 e6 3. a3 d5 4. Nc3 c5 5. cxd5 Nxd5 6. Nf3 Nc6 7. e4 Nxc3 8. bxc3 cxd4 9. cxd4 Be7 10. Be2 O-O 11.
O-O b6 12. Bb2 Bb7 13. Rc1 Bf6 14. Qd3 Qd7 15. Rfd1 Rfd8 16. Ba1 Rac8 17. d5 Bxa1 18. dxc6 Qxd3 19. Rxd3 Rxd3 20. Bxd3 Bb2 21. Rc2 Rxc6 22.
Rxb2 Rc1+ 23. Bf1 Bxe4 24. Nd2 Bd3 25. f3 Ra1 26. Rb3 Bxf1 27. Nxf1 h5 28. h4 a5 29. Kf2 a4 30. Rd3 Ra2+ 31. Kg3 b5 32. Ne3 Rb2 33.
Kf4 f6 34. g4 hxg4 35. fxg4 Kh7 36. h5 Kh6 37. Rd8 Kh7 38. Rd7 Rb3 39. Nc2 Rc3 40. Rd2 Kh6 41. Ke4 Kg5 42. Nd4 Rxa3 43. Nxe6+ Kxg4 44. Rg2+ Kxh5 45. Nxg7+ Kh4 46. Nf5+ Kh3 47.
Rb2 Rb3 48. Rxb3+ axb3 49. Kd3 Kg4 50. Nd4 f5 51. Kc3 f4 52. Kxb3 Kg3 53. Kb4 Kf2 54.
Kxb5 Ke3 55. Nf5+ Ke4 56. Nh4 f3 57. Nxf3 1/2-1/2

[Event "Early-Titled-Tuesday-Blitz-February-27-2024"]
[Site "Chess.com"]
[Date "2024.02.27"]
[Round "11"]
[White "NowInChess"]
[Black "Happy1712Drummer"]
[Result "1-0"]
[WhiteElo "2262"]
[BlackElo "2354"]
[TimeControl "180+1"]
[EndTime "10:06:27 PST"]
[Termination "NowInChess won on time"]

1. e4 c6 2. d4 d5 3. exd5 cxd5 4. c4 e6 5. Nc3 Nc6 6. c5 Nf6 7. Nf3 Be7 8. Bb5 a6 9. Bxc6+ bxc6 10. Qa4 Qc7 11. Bf4 Qb7 12. O-O O-O 13. b4 Bd7 14.
Ne5 Ne8 15. Rfb1 f6 16. Nf3 Nc7 17. Qd1 Rfe8 18. Na4 Nb5 19. Nb6 Nc3 20. Qd3 Nxb1 21. Nxa8 Qxa8 22. Rxb1 Bf8 23. a4 g6 24. Re1 Bg7 25. h4 Qb7 26. Qc3 e5 27. dxe5 fxe5 28. Bxe5 Bxe5 29. Rxe5 Rxe5 30. Nxe5 Bf5 31. Qd4 Qc8 32.
f3 Qe6 33. g4 Bc2 34. a5 Qf6 35. Kg2 Qxh4 36. Qf4 Qe7 37. Nxc6 Qg7 38. Ne5 Qb7 39. Qd4 Bb3 40. Qf4 Bc2 41. Qf6 Bb3 42. Qd8+ Kg7 43. Qd7+ Qxd7 44. Nxd7 Ba4 45. Ne5 d4 46. Kf2 1-0

[Event "Early-Titled-Tuesday-Blitz-February-27-2024"]
[Site "Chess.com"]
[Date "2024.02.27"]
[Round "11"]
[White "IM_ArthurDW08"]
[Black "Shuvalov"]
[Result "1-0"]
[WhiteElo "2802"]
[BlackElo "2505"]
[TimeControl "180+1"]
[EndTime "10:06:28 PST"]
[Termination "IM_ArthurDW08 won by checkmate"]

1. e4 e6 2. d4 d5 3. Nc3 Bb4 4. e5 c5 5. a3 Bxc3+ 6. bxc3 Ne7 7. Qg4 Qc7 8. Bd3 c4 9. Be2 Nf5 10. Qh3 Nc6 11. g4 Nfe7 12. Qg3 Qa5 13. Bd2 Qa4 14. Ra2 Qb5 15. Ra1 Qb2 16. Rc1 Qxa3 17. h4 b5 18. Nf3 Qa5 19. h5 h6 20. O-O Qb6 21. Nh4 b4 22. Be3 b3 23. f4 a5 24.
f5 a4 25. f6 gxf6 26. exf6 Ng8 27. g5 hxg5 28. Qxg5 Nh6 29. Kh1 b2 30. Rce1 a3 31.
Qg7 Rg8 32. Qxh6 a2 33. Qg7 Ne7 34. h6 b1=Q 35. Qxg8+ Nxg8 36. h7 Qxc2 37. hxg8=Q+ Kd7 38. Qxf7+ Kc6 39. Qe8+ Kb7 40. f7 Qe4+ 41. Ng2 Qh7+ 42. Kg1 a1=Q 43. Rxa1 Rxa1 44. Rxa1 Qc7 45. Qb5+ Qb6 46.
Qxb6+ Kxb6 47. f8=Q Qe4 48. Qc5+ Kb7 49. Ra7+ Kb8 50. Qc7# 1-0

[Event "Early-Titled-Tuesday-Blitz-February-27-2024"]
[Site "Chess.com"]
[Date "2024.02.27"]
[Round "11"]
[White "dretch"]
[Black "Flawless_Fighter"]
[Result "0-1"]
[WhiteElo "2865"]
[BlackElo "2752"]
[TimeControl "180+1"]
[EndTime "10:06:29 PST"]
[Termination "Flawless_Fighter won by checkmate"]

1. d4 Nf6 2. c4 e6 3. Nf3 d5 4.
Nc3 c5 5. cxd5 Nxd5 6. e3 cxd4 7.
Nxd5 Qxd5 8. Qxd4 Qxd4 9. Nxd4 Bd7 10. Bd2 a6 11. Be2 Nc6 12. Bf3 Nxd4 13. exd4 Bc6 14. Bxc6+ bxc6 15. Rc1 Kd7 16. Ke2 Bd6 17. Rc4 Rhb8 18.
b3 a5 19. Rhc1 Ra6 20. Kd3 h5 21. h3 g6 22. Ra4 Rb5 23. Rcc4 Bc7 24. b4 Rb7 25.
bxa5 Rba7 26. Rc5 Bd6 27. Rc2 Bc7 28. Bb4 Bxa5 29. Bc5 Ra8 30. Rb2 Bc7 31. Rxa6 Rxa6 32.
Kc4 Ra4+ 33. Kb3 Ra6 34. a4 Ba5 35. Kc4 Kc7 36. Ra2 Be1 37. Kd3 Ba5 38. Ke4 Kd7 39. Ke5 Bd8 40. g4 f6+ 41. Ke4 hxg4 42. hxg4 Ra8 43.
Kd3 Ba5 44. f3 Rb8 45. Kc2 e5 46. Rb2 Rh8 47. dxe5 fxe5 48. Rb7+ Ke6 49. Ra7 Rh2+ 50.
Kd3 Be1 51. Be3 Ra2 52. Ra6 Kd5 53. Ra7 c5 54. Rd7+ Kc6 55. Rg7 Kd5 56. Rxg6 c4# 0-1

[Event "Early-Titled-Tuesday-Blitz-February-27-2024"]
[Site "Chess.com"]
[Date "2024.02.27"]
[Round "11"]
[White "Viktor_Poddubnyi"]
[Black "Alexchess1984"]
[Result "0-1"]
[WhiteElo "2251"]
[BlackElo "2701"]
[TimeControl "180+1"]
[EndTime "10:06:30 PST"]
[Termination "Alexchess1984 won on time"]

1. e4 c5 2. Nf3 g6 3. d4 cxd4 4. Qxd4 Nf6 5. e5 Nc6 6. Qa4 Nd5 7. Qe4 Nc7 8. Nc3 Bg7 9. Bf4 O-O 10. O-O-O Ne6 11. Bc4 Nxf4 12. Qxf4 a6 13. h4 Qa5 14.
Rhe1 b5 15. Bb3 Qd8 16. h5 Na5 17. hxg6 Nxb3+ 18. axb3 fxg6 19. Qd4 Bb7 20. Qxd7 Qxd7 21. Rxd7 Bxf3 22. gxf3 Rxf3 23. Rxe7 Rxf2 24. Ne4 Rf7 25. Rxf7 Kxf7 26. Ng5+ Kg8 27. e6 Bh6 28. Rg1 Re8 29.
Kd1 Bxg5 30. Rxg5 Rxe6 31. Rc5 h5 32. c4 bxc4 33. bxc4 Rb6 34. Kc2 Kg7 35. Rg5 Kh6 36. Rg1 h4 37. Kc3 Kh5 38. c5 Rf6 39. Kc4 h3 40.
Kd5 Kh4 41. c6 h2 42. Rh1 Kg3 43. c7 Rf8 44. Kc6 Kg2 45. Rc1 h1=Q 46. Rxh1 Kxh1 47.
Kb7 g5 0-1

[Event "Early-Titled-Tuesday-Blitz-February-27-2024"]
[Site "Chess.com"]
[Date "2024.02.27"]
[Round "11"]
[White "Al_Shima"]
[Black "chesstrainer2042"]
[Result "0-1"]
[WhiteElo "2423"]
[BlackElo "2571"]
[TimeControl "180+1"]
[EndTime "10:06:31 PST"]
[Termination "chesstrainer2042 won by checkmate"]

1. d4 Nf6 2. Nc3 d5 3. Bf4 e6 4. Nb5 Na6 5. e3 c6 6. Nc3 Nc7 7. Nf3 Bd6 8. Ne5 O-O 9. Bd3 c5 10. O-O c4 11. Be2 b5 12. Bf3 Bb7 13. a4 b4 14. Ne2 Nfe8 15. h3 Rb8 16. b3 f6 17. Ng4 Ba6 18. Re1 Kh8 19. Rc1 Qd7 20.
Bxd6 Nxd6 21. Nf4 Nf7 22. h4 f5 23. Nh2 Ne8 24. Nf1 Nf6 25. Ng3 g6 26. Be2 Nd6 27. c3 bxc3 28. Rxc3 Nfe4 29. Nxe4 Nxe4 30. Rc1 Rxb3 31. Bf3 Nf6 32. g3 Rfb8 33. Kg2 Qxa4 34.
Ra1 Qc6 35. Ra5 R8b5 36. Ra4 Rb1 37. Qe2 R5b2 38. Rxb1 Rxe2 39. Rb8+ Kg7 40. Rab4 Ra2 41. h5 gxh5 42. Bxh5 c3 43. Rd8 c2 44. Rbb8 c1=Q 45. Rf8 Qf1+ 46. Kh2 Rxf2+ 47. Ng2 Qxg2# 0-1

[Event "Early-Titled-Tuesday-Blitz-February-27-2024"]
[Site "Chess.com"]
[Date "2024.02.27"]
[Round "11"]
[White "wqws"]
[Black "Kotlyar_K"]
[Result "0-1"]
[WhiteElo "2697"]
[BlackElo "2605"]
[TimeControl "180+1"]
[EndTime "10:06:33 PST"]
[Termination "Kotlyar_K won by resignation"]

1. e4 c5 2. Nf3 d6 3. d4 cxd4 4. Nxd4 Nf6 5. Nc3 g6 6. Be3 Nc6 7. f3 h5 8. Qd2 Nxd4 9. Bxd4 Bh6 10. Be3 Bxe3 11. Qxe3 Be6 12. Bb5+ Kf8 13. O-O-O Qa5 14. a3 Kg7 15. Rhe1 Rhc8 16. Bf1 Rab8 17. e5 dxe5 18. Qxe5 Qb6 19. Qd4 Qxd4 20. Rxd4 a6 21. a4 Rc7 22. Red1 Rbc8 23. Rd8 Nd7 24. Rxc8 Rxc8 25.
Ne4 Bf5 26. Rd4 Ne5 27. Kd2 h4 28. h3 Bxh3 29. Nc3 Nxf3+ 30. gxf3 Bxf1 31. Rxh4 Bc4 32. b3 Be6 33. Ne4 Bd5 34. c4 Bc6 35. Ng5 f6 36.
Ne6+ Kf7 37. Nd4 Rd8 38. Ke3 f5 39. f4 Kf6 40. b4 Bxa4 41. Rh1 Be8 42. Rg1 Bf7 43.
c5 e5 44. fxe5+ Kxe5 45. Nf3+ Kf6 46. Rc1 Bd5 47. Nd4 Re8+ 48. Kd3 g5 49. c6 bxc6 50. Ra1 Ra8 51. Rb1 Be4+ 0-1

[Event "Early-Titled-Tuesday-Blitz-February-27-2024"]
[Site "Chess.com"]
[Date "2024.02.27"]
[Round "11"]
[White "PavelChernomordik"]
[Black "Felix-Rose"]
[Result "1-0"]
[WhiteElo "2397"]
[BlackElo "2259"]
[TimeControl "180+1"]
[EndTime "10:06:33 PST"]
[Termination "PavelChernomordik won on time"]

1. e4 d6 2. d4 Nf6 3. Nc3 g6 4. Bg5 Bg7 5. Qd2 h6 6. Bh4 Nbd7 7. f4 c6 8. e5 dxe5 9. fxe5 Nd5 10. Nxd5 cxd5 11.
Bd3 Qb6 12. c3 g5 13. Bg3 Nf8 14. Nf3 Bg4 15. O-O e6 16. h3 Bh5 17. a4 a6 18. a5 Qc7 19. Rac1 Bg6 20. c4 Bxd3 21. Qxd3 dxc4 22. Rxc4 Qxa5 23. Rc5 Qd8 24. Nd2 Nd7 25. Rc3 O-O 26. Ne4 b5 27. Nd6 Nb6 28.
Qe4 Nd5 29. Rcf3 Ra7 30. h4 Rc7 31. hxg5 Qxg5 32. Bh4 Qg6 33. Nf5 exf5 34. Qxd5 Qe6 35.
Qd6 Qxd6 36. exd6 Bxd4+ 37. Kh1 Rd7 38. Be7 Re8 39. Rg3+ Kh7 40. Rxf5 Bxb2 41. Rxf7+ Kh8 42. Rg6 Rexe7 43. dxe7 Rd1+ 44. Kh2 Be5+ 45. g3 Rd2+ 46. Kh3 Bd6 47. e8=Q+ 1-0

[Event "Early-Titled-Tuesday-Blitz-February-27-2024"]
[Site "Chess.com"]
[Date "2024.02.27"]
[Round "11"]
[White "C_K_G"]
[Black "thebeast2900"]
[Result "0-1"]
[WhiteElo "2163"]
[BlackElo "2306"]
[TimeControl "180+1"]
[EndTime "10:06:36 PST"]
[Termination "thebeast2900 won on time"]

1. e4 c5 2. Nf3 e6 3. d4 cxd4 4. Nxd4 Nc6 5. Be3 Qc7 6. Be2 a6 7. O-O Nf6 8. Nd2 d5 9. c4 Nxd4 10. Bxd4 e5 11. Bc3 d4 12. Bxd4 exd4 13. f4 Bc5 14. Bd3 O-O 15. h3 g6 16. e5 Nh5 17.
Qf3 Ng7 18. Ne4 Be7 19. g4 f5 20. Nf2 Bd7 21. Qg3 Kh8 22. a3 Be6 23. b4 Qc8 24. c5 b6 25. cxb6 Qb7 26. Rac1 Rac8 27. h4 Rc3 28. Rxc3 dxc3 29. Rc1 Qxb6 30. gxf5 Nxf5 31. Bxf5 Bxf5 32. Rxc3 Qd4 33. Rc7 Bd8 34. Rb7 Bb6 35.
a4 Rc8 36. a5 Ba7 37. h5 Rc1+ 38. Kh2 Qxf2+ 39. Qxf2 Bxf2 40. h6 Rc8 41. b5 axb5 42.
a6 Be3 43. Kg3 Be4 44. Rd7 Rf8 45. a7 Bxf4+ 46. Kg4 Bxe5 47. Re7 Bf5+ 0-1

[Event "Early-Titled-Tuesday-Blitz-February-27-2024"]
[Site "Chess.com"]
[Date "2024.02.27"]
[Round "11"]
[White "LimeInTheCoconut"]
[Black "Aslanov_Umid"]
[Result "1/2-1/2"]
[WhiteElo "2516"]
[BlackElo "2660"]
[TimeControl "180+1"]
[EndTime "10:06:37 PST"]
[Termination "Game drawn by repetition"]

1. b3 Nf6 2. Bb2 g6 3. Bxf6 exf6 4. c4 Bg7 5. Nc3 f5 6. Rc1 b6 7. Nf3 Bb7 8. e3 O-O 9. Be2 d6 10. O-O Nd7 11. Ne1 Re8 12. Bf3 Bxf3 13. Nxf3 Ne5 14. d4 Nd7 15. b4 c6 16. b5 c5 17. Nd5 Nf6 18. Nxf6+ Qxf6 19. g3 Rad8 20. Rc3 d5 21. Qb3 cxd4 22. Nxd4 f4 23. gxf4 dxc4 24. Rxc4 Qh4 25.
Qd1 g5 26. Kh1 gxf4 27. Rg1 fxe3 28. Rxg7+ Kxg7 29. Nf5+ Kf8 30. Qa1 Rd1+ 31. Qxd1 Qf6 32. fxe3 Qxf5 33. Rf4 Qe5 34. Qf3 Qe7 35. Kg2 Rd8 36. a4 Rd2+ 37. Kg3 Qg5+ 38. Rg4 Qe5+ 39. Rf4 Qg5+ 40. Rg4 Qh6 41. Rh4 Qd6+ 42. Rf4 Qh6 43.
Rh4 Qg6+ 44. Rg4 Qc2 45. Rf4 Qg6+ 46. Rg4 Qd6+ 47. Rf4 Qd7 48. Rg4 Qe6 49. Rf4 Qg6+ 50. Rg4 1/2-1/2

[Event "Early-Titled-Tuesday-Blitz-February-27-2024"]
[Site "Chess.com"]
[Date "2024.02.27"]
[Round "11"]
[White "Lion-Al-Messi"]
[Black "krzyzan94"]
[Result "1-0"]
[WhiteElo "2578"]
[BlackElo "2787"]
[TimeControl "180+1"]
[EndTime "10:06:38 PST"]
[Termination "Lion-Al-Messi won by checkmate"]

1. e4 c5 2. Nf3 d6 3. d4 cxd4 4. Nxd4 Nf6 5. Nc3 a6 6. h3 e5 7. Nde2 Be7 8. g4 h6 9. Bg2 b5 10. Ng3 b4 11. Nd5 Nxd5 12. Qxd5 Ra7 13. Be3 Be6 14.
Qd2 Rb7 15. Nf5 O-O 16. Rd1 Bxf5 17. exf5 Rb5 18. O-O Nd7 19. Bc6 Rb8 20. Bd5 Bg5 21. Bb3 Bxe3 22. Qxe3 Nc5 23. f4 Re8 24. g5 exf4 25.
Qxf4 Qxg5+ 26. Qxg5 hxg5 27. Rxd6 Nxb3 28. axb3 Re3 29. f6 Rxh3 30. Rxa6 Rc8 31. Rf2 Rg3+ 32. Kh2 Rg4 33. Rd6 gxf6 34. Rdxf6 Rc7 35. R6f5 Kg7 36. Kh3 Rh4+ 37. Kg3 Kg6 38. Rf6+ Kg7 39. R6f5 Kg6 40. Rf6+ Kh5 41. Rxf7 Rg4+ 42. Kh2 Rxf7 43. Rxf7 Re4 44. Kg3 Re2 45. Rc7 Re3+ 46. Kf2 Rh3 47. Rh7+ Kg4 48.
Rxh3 Kxh3 49. Kg1 Kg3 50. c4 Kf4 51. Kf2 Kg4 52. Kg2 Kf4 53. Kf2 Kg4 54. Ke3 Kh3 55.
c5 g4 56. c6 g3 57. c7 g2 58.
c8=Q+ Kh2 59. Qh8+ Kg1 60. Qh4 Kf1 61. Qf2# 1-0

[Event "Early-Titled-Tuesday-Blitz-February-27-2024"]
[Site "Chess.com"]
[Date "2024.02.27"]
[Round "11"]
[White "agvania123"]
[Black "Austen48"]
[Result "1-0"]
[WhiteElo "2394"]
[BlackElo "2248"]
[TimeControl "180+1"]
[EndTime "10:06:38 PST"]
[Termination "agvania123 won on time"]

1. e4 c5 2. Nc3 Nc6 3. Bb5 g6 4. Bxc6 dxc6 5. f4 Bg7 6. Nf3 Nf6 7. d3 O-O 8. O-O Ne8 9. Qe1 Nc7 10. Qh4 f6 11. g4 Ne6 12. f5 Nd4 13. Nxd4 cxd4 14. Ne2 g5 15. Qg3 e6 16. h4 exf5 17. gxf5 h6 18. hxg5 hxg5 19. Kg2 Rf7 20. Rh1 c5 21. Qg4 Qd6 22. Bd2 Bd7 23. Rh3 Kf8 24. Rah1 Ke7 25. Ng3 Bc6 26. Kf2 Bf8 27. Rh7 Be8 28. e5 Qxe5 29.
Re1 Qxe1+ 30. Bxe1 Rxh7 31. Ne4 Kf7 32. Kg1 Be7 33. Bg3 Bc6 34. Nf2 Rah8 35. Qe2 Rh5 36. Qe6+ Kf8 37. Bd6 R8h7 38. Qc8+ Kf7 39. Qe6+ Ke8 40. Bxe7 Rxe7 41. Qg8+ Kd7 42. Kf1 Kc7 43. Qf8 Reh7 44. Qxf6 a6 45. Qg6 Rh2 46. f6 Bd7 47. f7 Rxf2+ 48. Kxf2 Rh2+ 49. Kg3 Rh3+ 50. Kg2 Rh2+ 51. Kxh2 1-0

[Event "Early-Titled-Tuesday-Blitz-February-27-2024"]
[Site "Chess.com"]
[Date "2024.02.27"]
[Round "11"]
[White "FARIZA2018"]
[Black "Savagelittlemole"]
[Result "0-1"]
[WhiteElo "2581"]
[BlackElo "2477"]
[TimeControl "180+1"]
[EndTime "10:06:41 PST"]
[Termination "Savagelittlemole won by checkmate"]

1. e4 c5 2. Nf3 d6 3. d4 cxd4 4. Nxd4 Nf6 5. Nc3 a6 6. Bg5 Nbd7 7. Qe2 h6 8. Bh4 e5 9. Nf5 g6 10. Ne3 Be7 11. f3 b5 12. Bf2 Bb7 13. O-O-O Qa5 14. Kb1 Rc8 15. Ncd5 Nxd5 16. Nxd5 Bxd5 17. Rxd5 Nb6 18.
Bxb6 Qxb6 19. g4 Bh4 20. Bg2 O-O 21. Rhd1 Rc6 22. Qd2 Bg5 23. Qd3 Rfc8 24. Bf1 Rxc2 25. Qxc2 Rxc2 26. Kxc2 Qf2+ 27. Kb1 Be7 28. R5d3 Qxh2 29.
Rc3 Qf2 30. a4 b4 31. Rb3 a5 32. Bc4 h5 33. gxh5 gxh5 34. Rbd3 h4 35. R1d2 Qc5 36. b3 h3 37. Rd1 h2 38. Rh1 Qf2 39. Bd5 Bg5 40. Rdd1 Be3 41. Rhf1 Qxf1 42. Rxf1 Bg1 43. f4 h1=Q 44. fxe5 dxe5 45. Rxf7 Kh8 46. Kc2 Qg2+ 47.
Kd3 Bc5 48. Kc4 Bd4 49. Kb5 Qc2 50. Rb7 Qc5+ 51. Ka6 Be3 52. Rb8+ Kg7 53. Rb7+ Kh6 54. Rb5 Qa7# 0-1

[Event "Early-Titled-Tuesday-Blitz-February-27-2024"]
[Site "Chess.com"]
[Date "2024.02.27"]
[Round "11"]
[White "FairChess_on_YouTube"]
[Black "TigrVShlyape"]
[Result "1/2-1/2"]
[WhiteElo "3093"]
[BlackElo "2903"]
[TimeControl "180+1"]
[EndTime "10:06:44 PST"]
[Termination "Game drawn by repetition"]

1. e4 c5 2. Nc3 e6 3. Nge2 a6 4. g3 b5 5. Bg2 Bb7 6. d4 cxd4 7. Nxd4 Nc6 8. O-O Nxd4 9. Qxd4 Rc8 10. Rd1 Ne7 11.
Qa7 Qc7 12. Bf4 Nc6 13. Qe3 Ne5 14. Nd5 exd5 15. exd5 d6 16. Bxe5 dxe5 17. d6 Bxd6 18. Bxb7 Qxb7 19. Rxd6 O-O 20. c3 f6 21. Rad1 Rc7 22.
a3 h6 23. h4 Re7 24. Rb6 Qa8 25. Rdd6 Ra7 26. h5 Kh8 27. Qc5 Rc8 28. Rbc6 Re8 29. Qb6 e4 30. Qe3 a5 31. Re6 Rae7 32. Rxe7 Rxe7 33.
Qc5 Re8 34. Qxb5 e3 35. fxe3 Qd8 36. Rd6 Qe7 37. Qd3 Qe5 38. Kg2 a4 39. Rd8 Qxh5 40.
Rxe8+ Qxe8 41. c4 Qb8 42. Qc3 Qb7+ 43. Kf2 h5 44. c5 Qc6 45. Qd4 Qb5 46. Qb4 Qc6 47.
e4 Kh7 48. Qc4 Kh6 49. Ke3 g5 50. Qd5 Qb5 51. c6 Qb6+ 52. Kd3 h4 53. gxh4 gxh4 54. Qe6 Qxb2 55. c7 Qb1+ 56. Ke3 Qc1+ 57. Kf3 Qxc7 58. Qxf6+ Kh5 59. Qf5+ Kh6 60. Qf6+ Kh5 61. Qf5+ Kh6 62.
Qf6+ 1/2-1/2

[Event "Early-Titled-Tuesday-Blitz-February-27-2024"]
[Site "Chess.com"]
[Date "2024.02.27"]
[Round "11"]
[White "Kildepiotr"]
[Black "Actuary44"]
[Result "1-0"]
[WhiteElo "2686"]
[BlackElo "2540"]
[TimeControl "180+1"]
[EndTime "10:06:44 PST"]
[Termination "Kildepiotr won on time"]

1. Nf3 d6 2. d4 g6 3. g3 Bg7 4. Bg2 Nf6 5. O-O O-O 6. Nbd2 Nfd7 7. e4 Nc6 8. c3 e5 9. dxe5 Ndxe5 10. Nxe5 Nxe5 11.
Qc2 Be6 12. f4 Nc6 13. Nf3 f5 14. Ng5 Bc4 15. Re1 h6 16. Nf3 fxe4 17. Qxe4 Bf7 18.
Be3 Qd7 19. Nh4 Rae8 20. Qd3 g5 21. Ng6 Qg4 22. Nxf8 Rxf8 23. Bd5 gxf4 24. Bxf4 Bxd5 25. Qxd5+ Kh8 26. Re4 Rf5 27. Re8+ Kh7 28. Qg8+ Kg6 29. Re6+ Rf6 30. Rxf6+ Kxf6 31. Rf1 Kg6 32. Qe8+ Kh7 33. Qe4+ Qg6 34. Qxg6+ Kxg6 35. Kg2 Na5 36. Re1 Kf7 37.
Kf3 Nc4 38. Re2 a5 39. b3 Nb6 40. c4 Nd7 41. Kg4 Bf8 42. Kf5 Bg7 43. h4 a4 44.
h5 axb3 45. axb3 Nc5 46. b4 Nd3 47. b5 Nb2 48. c5 dxc5 49. Bxc7 c4 50. Bd6 c3 51.
Re7+ Kg8 52. Rxb7 Nc4 53. Bf4 c2 54. Rc7 Na3 55. Kg6 Bf8 56. Rc8 Nxb5 57. Bxh6 1-0

[Event "Early-Titled-Tuesday-Blitz-February-27-2024"]
[Site "Chess.com"]
[Date "2024.02.27"]
[Round "11"]
[White "Boorchess"]
[Black "Defenstrator"]
[Result "1-0"]
[WhiteElo "2538"]
[BlackElo "2393"]
[TimeControl "180+1"]
[EndTime "10:06:48 PST"]
[Termination "Boorchess won by resignation"]

1. d4 d5 2. c4 c6 3. cxd5 cxd5 4. Nc3 Nf6 5. f3 Qb6 6. e3 Nc6 7. Bb5 e6 8. Nge2 Be7 9. O-O O-O 10. Kh1 Bd7 11. e4 Rad8 12. e5 Ne8 13. Bd3 f5 14. Na4 Qc7 15. Be3 b5 16. Nac3 a6 17. Rc1 Qa7 18. f4 Na5 19. Rc2 Nc4 20. Bc1 b4 21. Nb1 Bb5 22. b3 Na3 23. Bxa3 bxa3 24. Bxb5 axb5 25.
Qd3 Nc7 26. Rfc1 Rc8 27. Nbc3 Qb7 28. h3 b4 29. Na4 Na8 30. Nc5 Bxc5 31. Rxc5 Rxc5 32.
dxc5 Rc8 33. Nd4 Nc7 34. g4 fxg4 35. hxg4 Na6 36. c6 Qb6 37. f5 Nc5 38. Qe3 Ne4 39.
fxe6 Qd8 40. Nf5 Kh8 41. e7 Qe8 42. Nd6 Qxe7 43. Nxc8 Qh4+ 44. Kg2 Qxg4+ 45. Kf1 Qf5+ 46. Ke1 Qxc8 47. c7 h5 48. e6 h4 49. e7 Kh7 50.
e8=Q Qxe8 51. c8=Q Qh5 52. Qch3 g5 53. Qf5+ Kg7 54.
Rc7+ 1-0

[Event "Early-Titled-Tuesday-Blitz-February-27-2024"]
[Site "Chess.com"]
[Date "2024.02.27"]
[Round "11"]
[White "AlexTruskavetsky"]
[Black "ScofieldMichael01"]
[Result "0-1"]
[WhiteElo "2720"]
[BlackElo "2615"]
[TimeControl "180+1"]
[EndTime "10:06:49 PST"]
[Termination "ScofieldMichael01 won by resignation"]

1. d4 Nf6 2. c4 g6 3. Nc3 Bg7 4. e3 d6 5. e4 O-O 6. f4 e5 7. fxe5 dxe5 8. d5 c6 9. Nf3 cxd5 10. cxd5 Qa5 11. Bd3 Nbd7 12. O-O Nc5 13. Be3 Ng4 14. Qd2 Bd7 15. Rab1 Nxd3 16. Qxd3 Nxe3 17. Qxe3 Rac8 18. Nd2 Qc5 19. Qxc5 Rxc5 20. Nb3 Rc7 21. Rbd1 Rd8 22. d6 Rc6 23. Nd5 Rc2 24. Rf2 Rxf2 25. Kxf2 Bf8 26.
Nc5 Bc6 27. b4 Bxd6 28. Ke3 Kg7 29. Nd3 f5 30. Nf2 Bxb4 31. Nd3 Bd6 32. Nc3 Kf6 33.
g3 Ke6 34. Ke2 Ke7 35. Rb1 Bc7 36. Nb4 Bxe4 37. Nxe4 fxe4 38. Nc2 Bb6 39. a4 Rd7 40. Rb4 Rc7 41. Na3 Rc3 42. Nc4 Rc2+ 43. Kd1 Rxh2 44. a5 Bd4 45. Rxb7+ Ke6 46. Na3 e3 47. Rb3 e2+ 48. Ke1 h5 49. Nc2 Kd5 50. a6 Kc4 51.
Nxd4 exd4 52. Rb7 Kd3 53. Rb3+ Ke4 54. Rb7 d3 55. Kd2 Rh1 56. Re7+ Kf3 57. Rf7+ Kxg3 58. Re7 Rd1+ 59. Kc3 e1=Q+ 60. Rxe1 Rxe1 61. Kxd3 Re6 62. Kc4 Rxa6 63. Kb5 Rf6 64. Kc5 g5 65. Kb5 g4 0-1

[Event "Early-Titled-Tuesday-Blitz-February-27-2024"]
[Site "Chess.com"]
[Date "2024.02.27"]
[Round "11"]
[White "Heinza9"]
[Black "Ariadna_Atreides"]
[Result "0-1"]
[WhiteElo "2311"]
[BlackElo "2202"]
[TimeControl "180+1"]
[EndTime "10:06:51 PST"]
[Termination "Ariadna_Atreides won by resignation"]

1. e4 c6 2. d4 d5 3. exd5 cxd5 4. c4 Nf6 5. Nc3 e6 6. Nf3 Bb4 7. cxd5 Nxd5 8. Bd2 O-O 9. Bd3 b6 10. O-O Bb7 11. Qe2 Nd7 12. Rad1 N7f6 13. a3 Be7 14.
Ne5 Rc8 15. h3 Nxc3 16. bxc3 Bxa3 17. Ra1 Qd5 18. f3 Bb2 19. Rxa7 Bxc3 20. Bxc3 Rxc3 21.
Qe3 Rc7 22. Be4 Nxe4 23. fxe4 Qd6 24. Rd1 Rfc8 25. Rd2 f6 26. Nf3 Qg3 27. Ra1 Rc1+ 28. Rd1 Rxa1 29. Rxa1 Rc2 30. Kf1 Qxg2+ 31. Ke1 Qh1+ 32.
Ng1 Qxe4 33. Qxe4 Bxe4 34. Ra6 Rb2 35. Ra7 b5 36. Ne2 b4 37. Ng3 Bd5 38. Nh5 Rg2 39.
Nf4 Rg1+ 40. Kf2 Rh1 41. Ra6 b3 42. Rb6 b2 43. Nxd5 exd5 44. Rb8+ Kf7 45. Kg2 b1=Q 46.
Rxb1 Rxb1 47. Kf3 Rb3+ 48. Kg4 Kg6 49. h4 h5+ 50. Kf4 Kf7 51. Kf5 g6+ 52. Kf4 Rb8 53. Ke3 Ke6 54. Kf3 f5 55. Kg3 Kf6 56. Kf4 Rb4 57. Ke3 g5 58. hxg5+ Kxg5 59. Kd3 h4 60. Kc3 Rc4+ 61. Kd3 h3 0-1

[Event "Early-Titled-Tuesday-Blitz-February-27-2024"]
[Site "Chess.com"]
[Date "2024.02.27"]
[Round "11"]
[White "Schachmalanders"]
[Black "NikitaShnadrygin"]
[Result "0-1"]
[WhiteElo "2458"]
[BlackElo "2610"]
[TimeControl "180+1"]
[EndTime "10:06:52 PST"]
[Termination "NikitaShnadrygin won by resignation"]

1. e4 c5 2. Nc3 e6 3. g3 d5 4. exd5 exd5 5. Bg2 d4 6. Nd5 Nc6 7.
d3 Bd6 8. Ne2 Nge7 9. Nef4 O-O 10. O-O Ne5 11. h3 Rb8 12. Re1 N7c6 13. Nh5 Ng6 14.
Bd2 Bd7 15. h4 Nce5 16. Nhf4 Bg4 17. f3 Bd7 18. h5 Nxf4 19. Bxf4 f6 20. h6 Rf7 21. c4 Bf5 22. Bxe5 fxe5 23. Qd2 Kh8 24. Re2 Qg8 25. Rae1 gxh6 26. Qxh6 Qg6 27. Qxg6 Bxg6 28.
Rxe5 Bxe5 29. Rxe5 Bxd3 30. b3 b5 31. cxb5 c4 32.
bxc4 Bxc4 33. f4 Bxa2 34. Bf1 Rd8 35. Nb4 Bb3 36. Nc6 Rg8 37. Kf2 Rd7 38. Bd3 Bf7 39. Re1 Rc8 40. Rh1 Bd5 41. Rh6 Bxc6 42. bxc6 Rdc7 43.
Kf3 Re8 44. Be4 Rd8 45. Bd3 Kg8 46. Ke4 Re7+ 47. Kf3 Re3+ 48. Kg4 Rxd3 49. c7 Rc8 50. Rc6 Rc3 51. Rd6 R3xc7 52. Rxd4 Rg7+ 53. Kh3 Rf8 54. Rd3 a5 55. Ra3 Ra8 56. Rb3 a4 57. Ra3 Rb7 58. f5 Rb3 59. Ra1 a3 60. f6 a2 61. Rf1 Rb1 62. f7+ Kf8 63. Rf4 a1=Q 0-1